 Dungeon Crawl Stone Soup version 0.19-a0-1021-g80cc50c (webtiles) character file.

19052 qqqbard the Basher (level 12, -4/100 HPs)
             Began as a Vine Stalker Fighter on July 27, 2016.
             Was a Priest of the Shining One.
             Slain by a catoblepas (13 damage)
             ... on level 14 of the Dungeon.
             The game lasted 00:30:04 (10839 turns).

qqqbard the Basher (Vine Stalker Fighter)          Turns: 10839, Time: 00:30:05

Health: -4/100     AC: 26    Str: 25    XL:     12   Next: 64%
Magic:  0/17       EV:  2    Int: 11    God:    the Shining One [***...]
Gold:   660        SH: 16    Dex: 15    Spells: 0 memorised, 11 levels left

rFire  + . .     SeeInvis .     I - +5 flail of the Swamp {crush, *Noise +Fly rF+ Int+3}
rCold  . . .     Gourm    .     (armour currently unavailable)
rNeg   + + +     Faith    .     c - +5 shield
rPois  +         Spirit   +     (helmet currently unavailable)
rElec  .         Dismiss  .     (cloak currently unavailable)
rCorr  .         Reflect  .     (gloves currently unavailable)
SustAt .         Harm     .     (boots currently unavailable)
MR     +....     Rnd*Rage +     (no amulet)
Stlth  +......... NoTele   +    (no ring)
                                (no ring)

@: tree-form, manticore barbs, starving, glowing, somewhat resistant to hostile
enchantments, very unstealthy
A: (fangs 0), (horns 0), agile 1, berserk 1, blurry vision 1, mutation
resistance 1, regeneration 3, magic shield, (antimagic bite), no device heal 3,
rot immunity
a: Divine Shield, Renounce Religion


You were on level 14 of the Dungeon.
You worshipped the Shining One.
The Shining One was most pleased with you.
You were starving.
You were a tree.
You visited 2 branches of the dungeon, and saw 15 of its levels.

You collected 687 gold pieces.
You spent 27 gold pieces at shops.

Inventory:

Hand Weapons
 b - a +2 great mace of crushing
 w - a +3 morningstar
 I - the +5 flail of the Swamp (weapon) {crush, *Noise +Fly rF+ Int+3}
   (You found it on level 12 of the Dungeon)

   It inflicts extra damage upon your enemies.
   It affects your intelligence (+3).
   It protects you from fire.
   It lets you fly.
   It may make noises in combat.
Armour
 c - a +5 shield (worn)
 g - a +0 helmet
 k - a +3 ring mail (melded)
 q - a +0 cloak (melded)
 G - a +0 pair of gloves (melded)
 H - a +0 hat (melded)
Jewellery
 a - an uncursed amulet of faith {unknown}
 m - an uncursed ring of ice
 A - an uncursed ring of poison resistance {unknown}
 E - a +5 ring of dexterity {unknown}
 Q - an uncursed ring of ice
 S - an uncursed ring of sustain attributes {unknown}
 U - the ring "Lughuraz" {Str+3 Int-3 Dex+4 Slay+4, unknown}
   (You found it on level 13 of the Dungeon)

   [ring of slaying]

   It affects your strength (+3).
   It affects your intelligence (-3).
   It affects your dexterity (+4).
   It affects your accuracy and damage with ranged weapons and melee attacks
   (+4).
Wands
 y - a wand of lightning (9/15)
 J - a wand of flame (8/48)
 M - a wand of lightning (9/15)
 O - a wand of slowing (47/48)
 P - a wand of confusion (32/48)
Scrolls
 i - 6 scrolls of remove curse
 l - a scroll of identify
 n - a scroll of teleportation
 v - 4 scrolls of recharging
 B - a scroll of enchant armour
 K - a scroll of fear {unknown}
 V - a scroll of magic mapping
Potions
 d - a potion of might
 e - 3 potions of curing
 h - 3 potions of flight
 j - 2 potions of cancellation
 o - 2 potions of haste
 p - 2 potions of lignification
 s - 3 potions of invisibility
 t - 2 potions of berserk rage
 u - a potion of heal wounds {unknown}
 z - a potion of ambrosia
 T - a potion of cure mutation {unknown}
Books
 r - a Young Poisoner's Handbook

   Spells                             Type                      Level
   a - Sting                          Conjuration/Poison           1
   b - Mephitic Cloud                 Conjuration/Poison/Air       3
   c - Olgreb's Toxic Radiance        Poison                       4
   d - Alistair's Intoxication        Transmutation/Poison         5
   e - Venom Bolt                     Conjuration/Poison           5
   The Shining One disapproves of the use of such an item.
 x - an Akashic Record

   Spells                             Type                      Level
   a - Dispersal                      Translocation                6
   b - Malign Gateway                 Summoning/Translocation      7
   c - Disjunction                    Translocation                8
   d - Controlled Blink               Translocation                8
 N - a Fen Folio

   Spells                             Type                      Level
   a - Corpse Rot                     Necromancy                   2
   b - Stone Arrow                    Conjuration/Earth            3
   c - Leda's Liquefaction            Hexes/Earth                  4
   d - Summon Forest                  Summoning/Translocation      5
   e - Hydra Form                     Transmutation                6
   f - Summon Hydra                   Summoning                    7
 R - Tusch's Catalogue of Fire and Contamination
   (You found it on level 10 of the Dungeon)

   Spells                             Type                      Level
   a - Sting                          Conjuration/Poison           1
   b - Throw Flame                    Conjuration/Fire             2
   c - Conjure Flame                  Conjuration/Fire             3
   d - Inner Flame                    Hexes/Fire                   3
   e - Fireball                       Conjuration/Fire             5
   f - Bolt of Fire                   Conjuration/Fire             6
Miscellaneous
 L - a fan of gales
Comestibles
 f - 9 bread rations
 C - 7 meat rations
 D - 6 slices of pizza
 F - 3 beef jerkies
 W - 7 chunks of flesh


   Skills:
 * Level 9.8 Fighting
 + Level 10.4 Maces & Flails
 * Level 9.1 Armour
 * Level 1.3 Dodging
 + Level 7.2 Shields
 + Level 6.1 Invocations


You had 11 spell levels left.
You didn't know any spells.

Dungeon Overview and Level Annotations

Branches:
Dungeon (14/15)            Temple (1/1) D:7            Lair (0/6) D:10
    Orc (0/2) D:11
 Vaults: D:13-14

Altars:
Ashenzari
Cheibriados
Dithmenos
Elyvilon
Fedhas
Gozag
Hepliaklqana
Kikubaaqudgha
Makhleb
Nemelex Xobeh
Okawaru
Pakellas
Qazlal
Ru
Sif Muna
Trog
Uskayaw
Vehumet
Xom
Yredelemnul
Zin
The Shining One

Shops:
D:9 !   D:12 [


Innate Abilities, Weirdness & Mutations

((You have razor-sharp teeth.))
You regenerate.
When hurt, damage is shared between your health and your magic reserves.
((Your bite disrupts and absorbs the magic of your enemies.))
Potions and wands cannot restore your health.
You are immune to rotting.
((You have a pair of small horns on your head.))
You are agile. (Dex +2)
You tend to lose your temper in combat.
Scrolls take you a little longer to read.
You are somewhat resistant to further mutation.


Message History

You hit the catoblepas but do no damage.
The catoblepas is heavily wounded.
The iguana bites you but does no damage.
You block the manticore's attack. x2; The manticore claws you!
* * * LOW HITPOINT WARNING * * *
The catoblepas gores you but does no damage.
You hit the catoblepas but do no damage.
The catoblepas is heavily wounded.
You block the iguana's attack.
The manticore bites you but does no damage.
The manticore claws you but does no damage. x2
The catoblepas breathes a plume of calcifying dust at you.
The blast of calcifying dust hits you!
You hit the catoblepas but do no damage.
The catoblepas is heavily wounded.
You are engulfed in calcifying dust.
You block the iguana's attack. You block the manticore's attack.
The manticore claws you but does no damage. x2
The catoblepas gores you!
You die...

##.........<.).....
##..................
#...........(.......
............(.......
......†.†)..........
..........(.........
.........§.....###...
.........§(....# ...
...###...♣H....###...
.. #...Yl.......... .
##....÷..........
...................
........#..........
.......###.........
........#..........
..................#
.................##


You could see a catoblepas, a manticore and an iguana.

Vanquished Creatures
  The ghost of Numknucks the Thaumaturge, a journeyman OpWz of Sif Muna (D:11)
  The ghost of ZappyNine the Transmogrifier, a novice DrTm of Hepliaklqana (D:11)
  2 unseen horrors (D:10)
  Pikel (D:7)
  An orange crystal statue (D:8)
  3 hill giants
  2 deep elf magi (D:10)
  A wolf spider (D:10)
  A griffon (D:13)
  2 ugly things
  A manticore (D:10)
  A cyclops (D:14)
  A centaur skeleton (D:10)
  Maurice (D:13)
  A komodo dragon (D:13)
  A kobold demonologist (D:11)
  2 trolls
  A two-headed ogre (D:10)
  Grinder (D:6)
  Prince Ribbit (D:6)
  5 slime creatures (D:12)
  A shadow (D:11)
  2 wyverns
  Sigmund (D:6)
  A wraith (D:11)
  A hungry ghost (D:11)
  A hippogriff (D:14)
  A human (D:7)
  3 wargs (D:10)
  A soldier ant (D:11)
  2 mottled dragons
  A water moccasin (D:10)
  4 sky beasts
  The ghost of rageheart7 the Sneak, an amateur SpEn (D:3)
  3 orc warriors
  2 black bears
  2 eyes of draining (D:11)
  An ice beast (D:10)
  2 phantoms
  3 ogres
  A necrophage (D:11)
  4 centaurs
  A big kobold (D:14)
  7 giant frogs
  A water moccasin skeleton (D:12)
  4 scorpions
  19 killer bees
  8 wights
  2 howler monkeys
  A centaur zombie (D:12)
  4 crimson imps
  3 quasits
  2 giant frog zombies (D:11)
  6 orc priests
  3 giant frog skeletons
  12 hounds
  3 jellies (D:10)
  6 orc wizards
  Crazy Yiuf (D:7)
  A gnoll shaman (D:8)
  3 iguanas
  14 worker ants
  4 sheep (D:7)
  A hound zombie (D:6)
  A worker ant zombie (D:11)
  12 gnolls
  8 adders
  6 shadow imps
  3 oozes
  An adder zombie (D:10)
  2 worms
  2 dart slugs
  6 giant geckos
  29 orcs
  13 giant cockroaches
  15 goblins
  11 hobgoblins
  10 jackals
  12 quokkas
  A ball python (D:2)
  A ball python skeleton (D:5)
  7 bats
  A giant gecko skeleton (D:6)
  4 giant newts
  24 kobolds
  7 rats
  3 butterflies (D:11)
354 creatures vanquished.

Vanquished Creatures (others)
  A crimson imp (D:7)
  2 kobolds (D:7)
  4 plants (D:4)
7 creatures vanquished.

Grand Total: 361 creatures vanquished

Notes
Turn   | Place    | Note
-------+----------+-------------------------------------------
     0 | D:1      | qqqbard the Vine Stalker Fighter began the quest for the Orb.
     0 | D:1      | Reached XP level 1. HP: 11/11 MP: 2/2
   227 | D:1      | Reached skill level 2 in Maces & Flails
   227 | D:1      | Reached XP level 2. HP: 16/16 MP: 1/3
   748 | D:1      | Reached XP level 3. HP: 17/19 MP: 1/4
  1003 | D:2      | Found a faded altar of an unknown god.
  1190 | D:2      | Reached XP level 4. HP: 20/23 MP: 5/5
  1390 | D:3      | Reached skill level 3 in Maces & Flails
  1479 | D:3      | Reached XP level 5. HP: 27/27 MP: 6/6
  1540 | D:3      | Noticed rageheart7's ghost (amateur SpEn)
  1668 | D:3      | Killed rageheart7's ghost
  1677 | D:3      | Noticed a sky beast
  1784 | D:3      | Killed a sky beast
  1784 | D:3      | Reached skill level 4 in Maces & Flails
  1784 | D:3      | Gained mutation: You heal very quickly. [Vine Stalker growth]
  1784 | D:3      | Reached XP level 6. HP: 6/32 MP: 2/7
  2142 | D:4      | Reached skill level 5 in Shields
  2270 | D:4      | Got an ichor-stained leather armour
  2281 | D:4      | Identified the cursed +1 leather armour of Objectivity {rC+} (You found it on level 4 of the Dungeon)
  2325 | D:4      | Reached XP level 7. HP: 14/35 MP: 8/8
  2330 | D:4      | Reached skill level 5 in Maces & Flails
  2511 | D:4      | Reached skill level 6 in Maces & Flails
  2537 | D:4      | Found a shadowy altar of Dithmenos.
  3119 | D:5      | Entered Level 5 of the Dungeon
  3131 | D:5      | Gained mutation: You have razor-sharp teeth. [Vine Stalker growth]
  3131 | D:5      | Reached XP level 8. HP: 38/39 MP: 9/9
  3363 | D:5      | Gained mutation: You have a pair of small horns on your head. [mutagenic meat]
  3366 | D:5      | Gained mutation: You are agile. (Dex +2) [mutagenic meat]
  3369 | D:5      | Gained mutation: You are somewhat resistant to further mutation. [mutagenic meat]
  3375 | D:5      | Gained mutation: You tend to lose your temper in combat. [mutagenic meat]
  3439 | D:5      | You fall through a shaft!
  3505 | D:6      | Reached skill level 7 in Maces & Flails
  3561 | D:6      | Noticed Sigmund
  3568 | D:6      | Killed Sigmund
  3616 | D:6      | Reached skill level 8 in Maces & Flails
  3682 | D:6      | Reached XP level 9. HP: 42/44 MP: 10/10
  4043 | D:6      | Noticed Grinder
  4053 | D:6      | Killed Grinder
  4071 | D:6      | Noticed Prince Ribbit
  4090 | D:6      | Killed Prince Ribbit
  4397 | D:7      | Found a staircase to the Ecumenical Temple.
  4425 | Temple   | Entered the Ecumenical Temple
  4457 | Temple   | Became a worshipper of the Shining One
  4801 | D:7      | Found a runed door.
  4995 | D:7      | Noticed Pikel
  5009 | D:7      | Killed Pikel
  5009 | D:7      | Reached skill level 5 in Fighting
  5194 | D:7      | Found a hide-covered altar of Uskayaw.
  5299 | D:7      | Reached skill level 5 in Armour
  5305 | D:7      | Reached XP level 10. HP: 40/51 MP: 11/11
  5523 | D:7      | Noticed Crazy Yiuf
  5527 | D:7      | Killed Crazy Yiuf
  5673 | D:8      | Found a shadowy altar of Dithmenos.
  5840 | D:8      | Reached skill level 9 in Maces & Flails
  6072 | D:8      | Reached skill level 1 in Invocations
  6255 | D:8      | Noticed an orange crystal statue
  6266 | D:8      | Killed an orange crystal statue
  6369 | D:9      | Noticed a cyan ugly thing
  6384 | D:9      | Killed a cyan ugly thing
  6464 | D:9      | Found a radiant altar of Vehumet.
  6621 | D:9      | Found Dauffak's Distillery.
  6629 | D:9      | Bought a potion of mutation for 27 gold pieces
  6629 | D:9      | Gained mutation: Scrolls take you a little longer to read. [potion of mutation]
  6895 | D:9      | Reached * piety under the Shining One
  7271 | D:10     | Entered Level 10 of the Dungeon
  7344 | D:10     | Identified Tusch's Catalogue of Fire and Contamination (You found it on level 10 of the Dungeon)
  7369 | D:10     | Noticed an unseen horror
  7373 | D:10     | Killed an unseen horror
  7389 | D:10     | Noticed a hill giant
  7396 | D:10     | Killed a hill giant
  7396 | D:10     | Reached XP level 11. HP: 30/58 MP: 14/14
  7537 | D:10     | Found a staircase to the Lair.
  7540 | D:10     | Noticed an unseen horror
  7546 | D:10     | Killed an unseen horror
  7860 | D:10     | Noticed a deep elf mage
  7870 | D:10     | Killed a deep elf mage
  7885 | D:10     | Noticed a wolf spider
  7899 | D:10     | HP: 1/60 [wolf spider (6)]
  7902 | D:10     | Killed a wolf spider
  8047 | D:10     | Noticed a deep elf mage
  8051 | D:10     | Killed a deep elf mage
  8311 | D:10     | Noticed a manticore
  8315 | D:10     | Killed a manticore
  8341 | D:10     | Identified a scroll of acquirement
  8452 | D:11     | Noticed a purple ugly thing
  8461 | D:11     | Killed a purple ugly thing
  8469 | D:11     | Reached ** piety under the Shining One
  8494 | D:11     | Noticed a hill giant
  8501 | D:11     | Killed a hill giant
  8520 | D:11     | Reached skill level 5 in Invocations
  8548 | D:11     | Reached skill level 10 in Maces & Flails
  8610 | D:11     | Noticed ZappyNine's ghost (novice DrTm)
  8634 | D:11     | Killed ZappyNine's ghost
  8835 | D:11     | Gained mutation: You regenerate. [Vine Stalker growth]
  8835 | D:11     | Reached XP level 12. HP: 66/66 MP: 16/16
  8857 | D:11     | Noticed Numknucks's ghost (journeyman OpWz)
  8866 | D:11     | Killed Numknucks's ghost
  9010 | D:11     | Found a staircase to the Orcish Mines.
  9045 | D:11     | Found a runed door.
  9063 | D:11     | Found a runed door.
  9497 | D:12     | Reached *** piety under the Shining One
  9562 | D:12     | Found Oliuxenayk's Armour Boutique.
  9738 | D:12     | Got a faintly glowing flail
  9739 | D:12     | Identified the +5 flail of the Swamp {crush, *Noise +Fly rF+ Int+3} (You found it on level 12 of the Dungeon)
 10371 | D:13     | Noticed Maurice
 10381 | D:13     | Killed Maurice
 10561 | D:13     | Got a bound gossamer ring
 10782 | D:14     | Reached skill level 1 in Dodging
 10820 | D:14     | Noticed a catoblepas
 10839 | D:14     | Slain by a catoblepas

Vault maps used:
D:1:      sevenhm_arrival_forest_fort_small_3, minmay_misc_feat_tiny,
          glass_columns_b, st_stairs_7, minmay_tetromino_t2
D:2:      ecumenical_altar_1, grunt_ministairs_11, grunt_decor_arrowhead
D:4:      wad_woods_stonehenge
D:5:      kennysheep_kobold_camp, first_bread, nrook_mini_vaults
D:6:      minmay_liquid_box, uniq_grinder, uniq_prince_ribbit1, uniq_sigmund
D:7:      corexii_shantytown, basic_altar, grunt_livestock, uniq_pikel,
          uniq_crazy_yiuf_cottage
D:8:      minmay_statue_hallways, nicolae_dithmenos_shadow_blocks
D:9:      serial_shops, nicolae_shop_crystal, vehumet_altar_wand_db
D:10:     minmay_tri_box, erik_lair_orcish_takeover
D:11:     lemuel_insect_pit, orc_0_dummy
D:12:     serial_shops, nicolae_shop_behind_doors, nicolae_benzene_ring
D:13:     serial_column_ruins, column_ruins_square_huge, column_ruins_hut,
          column_ruins_grid_4, column_ruins_open_medium,
          column_ruins_open_medium, column_ruins_columns_dead_end,
          column_ruins_open_tiny, minivault_25, uniq_maurice
D:14:     erik_vaults_1, dk_noncrumbling_4
Temple:   regret_index_temple_sigil_plot

Skill      XL: |  1  2  3  4  5  6  7  8  9 10 11 12 |
---------------+-------------------------------------+-----
Maces & Flails | 2 3 4 6 8 9 10 | 10.4
Shields        | 3 4 5 6 7 |  7.2
Fighting       | 3 5 7 9 |  9.8
Armour         | 5 6 8 9 |  9.1
Invocations    | 3 5 6 |  6.1
Dodging        | 1 |  1.3

Action                   |  1- 3 |  4- 6 |  7- 9 | 10-12 || total
-------------------------+-------+-------+-------+-------++-------
Melee: Flail             |   110 |   206 |   131 |    66 ||   513
       Bite              |    23 |    44 |    88 |   144 ||   299
       Morningstar       |       |       |   167 |   439 ||   606
       Headbutt          |       |       |    32 |   109 ||   141
  Use: Scroll            |       |     6 |     9 |    16 ||    31
       Potion            |       |       |     1 |     5 ||     6
  Eat: Chunk             |       |     4 |    13 |    14 ||    31
       Fruit             |       |       |     4 |     3 ||     7
       Beef jerky        |       |       |     1 |       ||     1
       Pizza             |       |       |       |     2 ||     2
Armor: Scale mail        |    51 |    81 |    15 |       ||   147
       Leather armour    |       |     4 |     6 |       ||    10
       Ring mail         |       |       |    75 |   178 ||   253
       Skin              |       |       |       |    17 ||    17
Dodge: Dodged            |    47 |    51 |    80 |   163 ||   341
Block: Shield            |    52 |   104 |   195 |   404 ||   755
